Map: 2000 Atmospheres LE

Players

BlizzFixZvP

  • Race: Zerg Zerg
  • League: Master
  • Spawn Location: 3:00

Pumba - Winner!

  • Race: Zerg Zerg
  • League: Master
  • Spawn Location: 7:00

VOD

Have the link to the VOD?

Description

Time

  • Played on: Sept. 21, 2021, 9:02 p.m.
  • Length: 5:55
Show
View Real Time Build Order
Export as new Build Order

BlizzFixZvP Zerg 

Build Orders: Hatch First 

Get SALT Encoding   

  12  0:00  Drone  
  13  0:12  Overlord  
  13  0:17  Drone  
  14  0:30  Drone x2  
  16  0:48  Hatchery  
  15  0:51  Drone  
  16  0:57  Drone  
  16  0:58  Drone  
  18  1:11  Extractor  
  18  1:13  Spawning Pool  
  18  1:17  Drone  
  17  1:20  Drone  
  18  1:29  Drone  
  19  1:39  Drone  
  20  1:50  Drone  
  21  2:00  Queen x2  
  21  2:01  Overlord  
  25  2:02  Zergling x2  
  26  2:11  Drone x2  
  26  2:12  Metabolic Boost  
  28  2:22  Drone x2  
  30  2:34  Hatchery  
  29  2:39  Drone x2  
  31  2:45  Queen  
  33  2:51  Baneling Nest  
  33  2:55  Overlord  
  33  2:57  Zergling x2  
  33  3:00  Drone  
  33  3:03  Drone  
  35  3:10  Drone  
  36  3:13  Drone  
  36  3:14  Overlord  
  36  3:19  Drone x3  
  39  3:23  Drone  
  40  3:27  Zergling x2  
  40  3:28  Zergling x2  
  40  3:33  Zergling x4  
  44  3:36  Baneling  
  44  3:37  Roach Warren  
  43  3:44  Overlord  
  43  3:47  Drone x4  
  47  3:51  Extractor  
  45  3:59  Zergling x4  
  45  4:01  Baneling  
  37  4:18  Roach  
  37  4:19  Roach x5  
  37  4:24  Roach  
  50  4:30  Overlord  
  50  4:32  Zergling x10  
  55  4:46  Baneling x2  
  55  4:48  Zergling x10  
  60  4:56  Zergling x6  
  62  5:12  Overlord  
  62  5:13  Zergling x6  
  65  5:15  Overlord  
  58  5:31  Zergling x18  
Show
View Real Time Build Order
Export as new Build Order

Pumba Zerg - Winner!

Build Orders: Hatch First, Zergling Baneling 

Get SALT Encoding   

  12  0:01  Drone  
  13  0:13  Overlord  
  13  0:17  Drone  
  14  0:31  Drone x2  
  16  0:49  Hatchery  
  15  0:52  Drone  
  15  0:56  Drone  
  17  1:02  Drone  
  18  1:09  Extractor  
  17  1:14  Spawning Pool  
  17  1:17  Drone  
  17  1:21  Drone  
  18  1:30  Drone  
  19  1:40  Drone  
  20  1:51  Overlord  
  20  2:01  Queen x2  
  20  2:02  Zergling x4  
  26  2:10  Metabolic Boost  
  26  2:12  Drone  
  26  2:14  Drone  
  28  2:24  Drone  
  28  2:26  Drone  
  30  2:38  Hatchery  
  30  2:42  Drone x2  
  31  2:46  Baneling Nest  
  31  2:50  Zergling x2  
  31  2:53  Drone  
  31  2:56  Overlord  
  32  3:13  Drone x3  
  35  3:25  Drone x3  
  35  3:26  Drone, Overlord  
  39  3:31  Baneling  
  39  3:33  Zergling x4  
  41  3:38  Zergling x4  
  43  3:42  Baneling x4  
  43  3:50  Overlord  
  43  3:51  Drone x4  
  43  3:52  Drone  
  48  3:56  Zergling x2  
  48  4:02  Queen  
  51  4:07  Extractor  
  50  4:10  Roach Warren  
  45  4:21  Baneling x2  
  45  4:23  Zergling x12  
  49  4:25  Overlord x2  
  49  4:34  Overlord x2  
  49  4:47  Baneling x2  
  49  4:51  Spine Crawler  
  48  4:53  Spine Crawler  
  48  4:54  Roach x5  
  59  5:00  Roach x2  
  61  5:12  Baneling x2  
  61  5:13  Roach x2  
  59  5:28  Zergling x2  
  59  5:29  Zergling x2  
  59  5:31  Roach x3  
Tags
 
Add a new tag
Caveats
  • Supply blocks, unpowered buildings, or Contaminate may cause inaccurate times.
  • Supply counts are checked every 10 seconds.